 Dungeon Crawl Stone Soup version 0.31-a0-986-g5e6e4ef867 (webtiles) character file.

Game seed: 5584493091608174517

820 dialectric the Ruffian (level 7, 0/71 HPs)
             Began as a Troll Shapeshifter on Nov 23, 2023.
             Was an Initiate of Okawaru.
             Slain by an ogre
             ... wielding a +0 giant club
              (36 damage)
             ... on level 5 of the Dungeon.
             The game lasted 00:03:59 (3195 turns).

dialectric the Ruffian (Troll Shapeshifter)         Turns: 3195, Time: 00:04:00

Health: 0/71       AC:  4    Str: 35    XL:     7   Next: 63%
Magic:  6/6        EV: 10    Int:  6    God:    Okawaru [......]
Gold:   215        SH:  0    Dex: 11    Spells: 4/6 levels left

rFire   . .          .
                       - Unarmed
rCold   . . .        (no shield)
rNeg    . . .        a - +0 animal skin
rPois   .            (helmet currently unavailable)
rElec   .            (cloak currently unavailable)
rCorr   .            (gloves unavailable)
SInv    .            (boots unavailable)
Will    .....        (no amulet)
Stlth   +            u - +6 ring of strength
HPRegen 1.11/turn    j - +6 ring of strength
MPRegen 0.10/turn

%: no passive effects
@: beast-form
A: beast (slay +2), large, unfitting armour, claws 3, regeneration 1, shaggy fur
1, tough skin 1
a: Begin Untransformation, Renounce Religion


You were on level 5 of the Dungeon.
You worshipped Okawaru.
Okawaru was noncommittal.
You were a hulking beast.
You visited 1 branch of the dungeon, and saw 5 of its levels.

You collected 215 gold pieces.

Inventory:

Hand Weapons
 y - a +2 whip of freezing
Missiles
 n - 2 boomerangs (quivered)
 o - 2 atropa-tipped darts
Armour
 a - a +0 animal skin (worn)
Jewellery
 j - a +6 ring of strength (right claw)
 k - a +6 ring of intelligence
 r - a ring of see invisible
 u - a +6 ring of strength (left claw)
Talismans
 c - a beast talisman
 d - a flux talisman
 e - a beast talisman
Scrolls
 g - 2 scrolls of amnesia {unknown}
 i - a scroll of summoning {unknown}
 s - a scroll of brand weapon {unknown}
 t - a scroll of revelation {unknown}
 v - a scroll of identify {unknown}
 x - a scroll of vulnerability {unknown}
Potions
 b - a potion of lignification
 f - a potion of mutation {unknown}
 h - 2 potions of curing
 l - a potion of attraction {unknown}
 m - a potion of enlightenment {unknown}
 p - a potion of heal wounds {unknown}
 q - a potion of cancellation {unknown}
 w - 3 potions of might {unknown}


   Skills:
 * Level 4.4 Fighting
 + Level 3.5 Dodging
 + Level 4.8 Unarmed Combat
 + Level 4.5 Shapeshifting


You had 4 spell levels left.
You knew the following spells:

 Your Spells              Type           Power      Damage    Failure   Level
a - Blink                 Tloc           0%         N/A       58%         2

Your spell library contained the following spells:

 Spells                   Type           Power      Damage    Failure   Level
 Sublimation of Blood     Necr           0%         N/A       58%         2
 Frozen Ramparts          Ice            0%         1d1       83%         3
 Manifold Assault         Tloc           0%         N/A       99%         4
 Petrify                  Tmut/Erth      0%         N/A       99%         4
 Irradiate                Conj/Tmut      0%         3d11      100%        5
 Metabolic Englaciation   Hex/Ice        0%         N/A       100%        5


Dungeon Overview and Level Annotations

Branches:
Dungeon (5/15)             Temple (0/1) D:4

Altars:
Okawaru


Innate Abilities, Weirdness & Mutations

You are a hulking beast.
Your limbs bulge with bestial killing power. (Slay +2)
You are too large for most types of armour.
You have claws for hands.
Your natural rate of healing is unusually fast.
You are covered in fur. (AC +1)
You have tough skin. (AC +1)


Message History

The lemure departs this earthly plane.
Your Fighting skill increases to level 4!
Your Dodging skill increases to level 3!
You have reached level 7!
Things that are here:
a +2 whip of freezing; a +0 robe
y - a +2 whip of freezing You start resting.
HP restored.
You see here a +0 robe.
Found a stone staircase leading up.
No target in view!
There is a stone staircase leading up here.
Found a mace.
No target in view!
An ogre comes into view. It is wielding a +0 giant club.
An ogre is nearby!
The ogre hits you with a +0 giant club!
You claw the ogre!
The ogre is moderately wounded.
The ogre hits you with a +0 giant club!!
You claw the ogre!
The ogre is severely wounded.
You closely miss the ogre.
The ogre is severely wounded.
The ogre hits you with a +0 giant club!
You are too injured to fight recklessly!
You are too injured to fight recklessly!
You are too injured to fight recklessly!
You are too injured to fight recklessly!
You are too injured to fight recklessly!
You are too injured to fight recklessly!
You are too injured to fight recklessly!
You closely miss the ogre.
The ogre is severely wounded.
You closely miss the ogre.
The ogre is severely wounded.
The ogre hits you with a +0 giant club!!!
Ouch! That really hurt!
You die...

#..............# #.....
#..############# #.####
#......... #.# #.........
###.# #[..#####. ########...#
....# #.. ...........#
##...#####..###########...##
#...............).........###
#..........Oh................
####..############.##### ....
#.##### #### #...... #######


You could see an ogre.

Vanquished Creatures
  Pikel (D:5)
  2 lemures (D:5)
  A scorpion (D:4)
  A howler monkey (D:4)
  A hound (D:5)
  A jelly (D:4)
  A sleepcap (D:3)
  Jessica (D:2)
  Robin (D:2)
  7 adders
  3 worms
  3 dart slugs
  2 orcs
  5 ball pythons
  10 endoplasms
  2 giant cockroaches
  8 goblins
  9 hobgoblins
  3 jackals (D:1)
  A quokka (D:3)
  5 bats
  2 frilled lizards
  6 kobolds
  3 rats
79 creatures vanquished.

Notes
Turn   | Place    | Note
-------+----------+-------------------------------------------
     0 | D:1      | dialectric the Troll Shapeshifter began the quest for the
                  | Orb.
     0 | D:1      | Reached XP level 1. HP: 18/18 MP: 0/0
   111 | D:1      | Reached skill level 1 in Fighting
   137 | D:1      | Reached XP level 2. HP: 27/27 MP: 1/1
   294 | D:1      | Reached XP level 3. HP: 29/33 MP: 2/2
   807 | D:2      | Noticed Robin
   833 | D:2      | Killed Robin
   871 | D:2      | Noticed Jessica
   875 | D:2      | Killed Jessica
   876 | D:2      | Reached XP level 4. HP: 38/42 MP: 3/3
  1201 | D:3      | Found a faded altar of an unknown god.
  1392 | D:3      | Reached XP level 5. HP: 50/50 MP: 4/4
  1480 | D:3      | Learned a level 2 spell: Blink
  1836 | D:3      | Found an iron altar of Okawaru.
  1843 | D:3      | Became a worshipper of Warmaster Okawaru
  2423 | D:4      | Found a staircase to the Ecumenical Temple.
  2466 | D:4      | Reached XP level 6. HP: 44/61 MP: 5/5
  2876 | D:5      | Entered Level 5 of the Dungeon
  3021 | D:5      | Noticed Pikel
  3039 | D:5      | HP: 3/61 [Pikel/+2 whip of freezing (3)]
  3042 | D:5      | Killed Pikel
  3043 | D:5      | Reached XP level 7. HP: 13/71 MP: 6/6
  3195 | D:5      | Slain by an ogre

Illustrated notes

Levels and vault maps discovered:
D:1:      minmay_arrival_widening_spiral_wide, layout_rooms
D:2:      layout_basic, uniq_robin, uniq_jessica
D:3:      layout_basic, okawaru_gym_becter, nicolae_ecumenical_oubliette
D:4:      layout_basic, minmay_temple_entry_large_hall
D:5:      layout_loops_ring, biasface_ghost_orc_armoury, minmay_ogre_servants,
          uniq_pikel

Skill      XL: |  1  2  3  4  5  6 |
---------------+-------------------+-----
Fighting       | 1 2 3 4 |  4.4
Dodging        | 2 3 |  3.5
Unarmed Combat | 4 |  4.8
Shapeshifting  | 4 |  4.5

Action                     |  1- 3 |  4- 6 |  7- 9 || total
---------------------------+-------+-------+-------++-------
  Melee: Unarmed           |   100 |   107 |     5 ||   212
         Punch             |     1 |       |       ||     1
    Use: Potion            |       |     1 |       ||     1
   Stab: Sleeping          |       |     1 |       ||     1
 Armour: Animal skin       |    63 |    64 |     4 ||   131
  Dodge: Dodged            |    47 |    38 |       ||    85

Table legend: (Time is in decaauts)
 A = Elapsed time spent in this place.
 B = Non-inter-level travel time spent in this place.
 C = Inter-level travel time spent in this place.
 D = Time resting spent in this place.
 E = Time spent auto-exploring this place.
 F = Levels seen in this place.
 G = Mean time per level.
                   A        B        C        D        E       F      G
               +--------+--------+--------+--------+--------+-----+--------+
         Total |   3178 |   3039 |    139 |     49 |   2364 |   5 |  635.6 |
       Dungeon |   3178 |   3039 |    139 |     49 |   2364 |   5 |  635.6 |
               +--------+--------+--------+--------+--------+-----+--------+

Top non-repeatable levels by time:
     D:3: 1018 daAuts
     D:2: 844 daAuts
     D:4: 596 daAuts
     D:1: 402 daAuts
     D:5: 317 daAuts
